| TOP OF THE 1ST |
|
Springfield Cardinals batting - Pitching for San Jose Giants : LHP Mike del Rio
|
|
Pitching: LHP Mike del Rio
|
|
|
Batting: RHB Josh Martin
|
0-0: Ball 1-0: Fly out, F8 (Flyball, 89D, EV 99.4 MPH)
|
|
Batting: RHB Mark Cahill
|
0-0: SINGLE (Groundball, 56S, EV 63.8 MPH) (infield hit)
|
|
Batting: LHB Ichiro Toyota
|
0-0: Ball 1-0: Ball 2-0: Called Strike 2-1: Called Strike Mark Cahill is caught stealing 2nd base 2-6 2-2: Ground out 4-3 (Groundball, 4, EV 90.0 MPH)
|
| Top of the 1st over - 0 runs, 1 hit, 0 errors, 0 left on base; Springfield 0 - San Jose 0 |
| BOTTOM OF THE 1ST |
|
San Jose Giants batting - Pitching for Springfield Cardinals : RHP Rafael Montano
|
|
Pitching: RHP Rafael Montano
|
|
|
Batting: LHB Tony Galvan
|
0-0: Ball 1-0: Foul Ball, location: 2F 1-1: Foul Ball, location: 2F 1-2: Ball 2-2: Strikes out swinging
|
|
Batting: RHB Bill Defazio
|
0-0: Ball 1-0: SINGLE (Flyball, 78S, EV 96.2 MPH)
|
|
Batting: LHB Jared Paige
|
0-0: Called Strike 0-1: Ball 1-1: Foul Ball, location: 2F 1-2: Ball 2-2: Ball 3-2: 2-RUN HOME RUN (Flyball, 9LD, EV 96.9 MPH), Distance : 358 ft
|
|
Batting: LHB Fred Arends
|
0-0: Ball 1-0: Ball 2-0: Ball 3-0: Base on Balls
|
|
Batting: RHB Yutaka Oki
|
0-0: Ball 1-0: Grounds into double play, 5-4-3 (Groundball, 56S, EV 88.8 MPH)
|
| Bottom of the 1st over - 2 runs, 2 hits, 0 errors, 0 left on base; Springfield 0 - San Jose 2 |
| TOP OF THE 2ND |
|
Springfield Cardinals batting - Pitching for San Jose Giants : LHP Mike del Rio
|
|
Batting: RHB Melvin Enriquez
|
0-0: Foul Ball, location: 2F 0-1: Swinging Strike 0-2: Ball 1-2: Ball 2-2: Ground out 6-3 (Groundball, P, EV 81.9 MPH)
|
|
Batting: RHB Jose Rivera
|
0-0: Ball 1-0: Ball 2-0: Ball 3-0: Foul Ball, location: 2F 3-1: Called Strike 3-2: Foul Ball, location: 2F 3-2: Foul Ball, location: 2F 3-2: Base on Balls
|
|
Batting: RHB Mark Marks
|
0-0: Called Strike Jose Rivera is caught stealing 2nd base 2-4 0-1: Swinging Strike 0-2: Strikes out swinging
|
| Top of the 2nd over - 0 runs, 0 hits, 0 errors, 0 left on base; Springfield 0 - San Jose 2 |
| BOTTOM OF THE 2ND |
|
San Jose Giants batting - Pitching for Springfield Cardinals : RHP Rafael Montano
|
|
Batting: SHB David Barona
|
0-0: Foul Ball, location: 2F 0-1: SINGLE (Groundball, 34D, EV 105.0 MPH)
|
|
Batting: RHB Devin Lowery
|
0-0: Ball 1-0: Called Strike 1-1: Called Strike 1-2: Foul Ball, location: 2F 1-2: Strikes out swinging
|
|
Batting: RHB Drew Duncan
|
0-0: Ball 1-0: Called Strike 1-1: Ball 2-1: Foul Ball, location: 2F 2-2: Strikes out swinging
|
|
Batting: RHB Mike Jones
|
0-0: Called Strike 0-1: Called Strike David Barona is caught stealing 2nd base 2-4
|
| Bottom of the 2nd over - 0 runs, 1 hit, 0 errors, 0 left on base; Springfield 0 - San Jose 2 |
| TOP OF THE 3RD |
|
Springfield Cardinals batting - Pitching for San Jose Giants : LHP Mike del Rio
|
|
Batting: RHB Immel Kamuzu
|
0-0: Called Strike 0-1: Ball 1-1: Foul Ball, location: 2F 1-2: Ball 2-2: Ball 3-2: Ground out 6-3 (Groundball, 6MS, EV 83.8 MPH)
|
|
Batting: SHB Bobby O'Leary
|
0-0: SINGLE (Groundball, 34D, EV 94.4 MPH)
|
|
Batting: LHB Yeong-hun Joe
|
0-0: Ball Bobby O'Leary steals 2nd base 1-0: Foul Ball, location: 2F 1-1: Ball 2-1: Ball 3-1: Foul Ball, location: 2F 3-2: SINGLE (Line Drive, 89M, EV 90.6 MPH) Bobby O'Leary to third
|
|
Batting: RHB Josh Martin
|
0-0: Grounds into double play, 4-6-3 (Groundball, 4, EV 86.9 MPH)
|
| Top of the 3rd over - 0 runs, 2 hits, 0 errors, 1 left on base; Springfield 0 - San Jose 2 |
| BOTTOM OF THE 3RD |
|
San Jose Giants batting - Pitching for Springfield Cardinals : RHP Rafael Montano
|
|
Batting: RHB Mike Jones
|
0-0: SINGLE (Groundball, 6D, EV 109.4 MPH)
|
|
Batting: LHB Tony Galvan
|
0-0: Called Strike 0-1: Ball 1-1: Called Strike 1-2: Ball 2-2: Foul Ball, location: 2F 2-2: Foul Ball, location: 2F 2-2: Strikes out swinging
|
|
Batting: RHB Bill Defazio
|
0-0: Ball 1-0: Fielders Choice at 2nd, 4-6 (Groundball, 34, EV 103.1 MPH)
|
|
Batting: LHB Jared Paige
|
0-0: Ball Bill Defazio steals 2nd base 1-0: Swinging Strike 1-1: Swinging Strike 1-2: Strikes out swinging
|
| Bottom of the 3rd over - 0 runs, 1 hit, 0 errors, 1 left on base; Springfield 0 - San Jose 2 |
| TOP OF THE 4TH |
|
Springfield Cardinals batting - Pitching for San Jose Giants : LHP Mike del Rio
|
|
Batting: RHB Mark Cahill
|
0-0: Ball 1-0: SINGLE (Groundball, 56S, EV 75.6 MPH) (infield hit)
|
|
Batting: LHB Ichiro Toyota
|
0-0: Ball 1-0: Ball 2-0: Foul Ball, location: 2F 2-1: Foul Ball, location: 2F 2-2: Ball Passed Ball! Mark Cahill to second 3-2: Base on Balls
|
|
Batting: RHB Melvin Enriquez
|
0-0: Ball 1-0: Called Strike 1-1: Foul Ball, location: 2F 1-2: Ball 2-2: SINGLE (Groundball, 4S, EV 63.1 MPH) (infield hit) Mark Cahill to third Ichiro Toyota to second
|
|
Batting: RHB Jose Rivera
|
0-0: Called Strike 0-1: SINGLE (Line Drive, 9S, EV 100.6 MPH) Mark Cahill scores Ichiro Toyota to third Melvin Enriquez to second Runner from 3rd tries for Home, SAFE, throw by RF to home
|
|
Batting: RHB Mark Marks
|
0-0: Ball 1-0: Ball 2-0: Called Strike 2-1: Foul Ball, location: 2F 2-2: SINGLE (Groundball, 56D, EV 106.2 MPH) Melvin Enriquez to third Jose Rivera to second
|
|
Batting: RHB Immel Kamuzu
|
0-0: Ball 1-0: Foul Ball, location: 2F 1-1: Ball 2-1: Foul Ball, location: 2F 2-2: Ball 3-2: Foul Ball, location: 2F 3-2: Grounds into double play, 4-6-3 (Groundball, 4, EV 85.0 MPH) Melvin Enriquez scores Jose Rivera to third
|
|
Batting: SHB Bobby O'Leary
|
0-0: Ball 1-0: Foul Ball, location: 2F 1-1: Ball 2-1: TRIPLE (Line Drive, 8LXD, EV 108.8 MPH) Jose Rivera scores
|
|
Batting: LHB Yeong-hun Joe
|
0-0: Called Strike 0-1: Foul Ball, location: 2F 0-2: Ball 1-2: Strikes out swinging
|
| Top of the 4th over - 4 runs, 5 hits, 0 errors, 1 left on base; Springfield 4 - San Jose 2 |
| BOTTOM OF THE 4TH |
|
San Jose Giants batting - Pitching for Springfield Cardinals : RHP Rafael Montano
|
|
Batting: LHB Fred Arends
|
0-0: Called Strike 0-1: Ground out 5-3 (Groundball, 56, EV 82.5 MPH)
|
|
Batting: RHB Yutaka Oki
|
0-0: Ball 1-0: Ball 2-0: Foul Ball, location: 2F 2-1: Ball 3-1: Foul Ball, location: 2F 3-2: SINGLE (Flyball, 8LS, EV 87.5 MPH)
|
|
Batting: SHB David Barona
|
0-0: Ball 1-0: Called Strike 1-1: Called Strike 1-2: Foul Ball, location: 2F 1-2: Grounds out, U3 (Groundball, 3L, EV 85.6 MPH)
|
|
Batting: RHB Devin Lowery
|
0-0: Ground out U3 (Groundball, 34, EV 89.4 MPH)
|
| Bottom of the 4th over - 0 runs, 1 hit, 0 errors, 1 left on base; Springfield 4 - San Jose 2 |
| TOP OF THE 5TH |
|
Springfield Cardinals batting - Pitching for San Jose Giants : LHP Mike del Rio
|
|
Batting: RHB Josh Martin
|
0-0: DOUBLE (Line Drive, 89D, EV 99.4 MPH)
|
|
Batting: RHB Mark Cahill
|
0-0: Ball 1-0: Foul Ball, location: 2F 1-1: Foul Ball, location: 2F 1-2: Fly out, F7 (Flyball, 7, EV 79.4 MPH)
|
|
Batting: LHB Ichiro Toyota
|
0-0: Called Strike 0-1: Swinging Strike 0-2: Ball 1-2: Foul Ball, location: 2F 1-2: Ball 2-2: Strikes out swinging
|
|
Batting: RHB Melvin Enriquez
|
0-0: Ball 1-0: Ball 2-0: SINGLE (Line Drive, 89S, EV 88.1 MPH) Josh Martin to third
|
|
Batting: RHB Jose Rivera
|
0-0: Ball 1-0: Ball 2-0: Ball 3-0: Base on Balls Melvin Enriquez to second
|
|
Batting: RHB Mark Marks
|
0-0: Swinging Strike 0-1: Swinging Strike 0-2: Ball 1-2: Strikes out swinging
|
| Top of the 5th over - 0 runs, 2 hits, 0 errors, 3 left on base; Springfield 4 - San Jose 2 |
| BOTTOM OF THE 5TH |
|
San Jose Giants batting - Pitching for Springfield Cardinals : RHP Rafael Montano
|
|
Batting: RHB Drew Duncan
|
0-0: Fly out, F7 (Line Drive, 7, EV 101.9 MPH)
|
|
Batting: RHB Mike Jones
|
0-0: Ball 1-0: Ball 2-0: Called Strike 2-1: Ground out 6-3 (Groundball, P, EV 85.0 MPH)
|
|
Batting: LHB Tony Galvan
|
0-0: Ball 1-0: Called Strike 1-1: Foul Ball, location: 2F 1-2: Strikes out swinging
|
| Bottom of the 5th over - 0 runs, 0 hits, 0 errors, 0 left on base; Springfield 4 - San Jose 2 |
| TOP OF THE 6TH |
|
Springfield Cardinals batting - Pitching for San Jose Giants : LHP Mike del Rio
|
|
Pitching: RHP Dan Post
|
|
|
Batting: RHB Immel Kamuzu
|
0-0: Ball 1-0: Called Strike 1-1: Called Strike 1-2: Strikes out swinging
|
|
Batting: SHB Bobby O'Leary
|
0-0: Called Strike 0-1: Ball 1-1: Ball 2-1: Called Strike 2-2: Strikes out swinging
|
|
Batting: LHB Yeong-hun Joe
|
0-0: Swinging Strike 0-1: Foul Ball, location: 2F 0-2: Fly out, F7 (Flyball, 78M, EV 75.0 MPH)
|
| Top of the 6th over - 0 runs, 0 hits, 0 errors, 0 left on base; Springfield 4 - San Jose 2 |
| BOTTOM OF THE 6TH |
|
San Jose Giants batting - Pitching for Springfield Cardinals : RHP Rafael Montano
|
|
Batting: RHB Bill Defazio
|
0-0: Ball 1-0: Ball 2-0: Ball 3-0: Base on Balls
|
|
Batting: LHB Jared Paige
|
0-0: Called Strike Bill Defazio steals 2nd, throwing error, E2 Bill Defazio to third 0-1: Ball 1-1: Ball 2-1: Ball 3-1: Called Strike 3-2: Strikes out swinging
|
|
Batting: LHB Fred Arends
|
0-0: Called Strike 0-1: Fly out, F9 (Flyball, 89M, EV 82.5 MPH) Runner from 3rd tags up, SCORES, no throw by RF
|
|
Batting: RHB Yutaka Oki
|
0-0: DOUBLE (Line Drive, 3D, EV 95.0 MPH)
|
|
Batting: SHB David Barona
|
0-0: Called Strike 0-1: Ball 1-1: Ground out 6-3 (Groundball, 6, EV 100.0 MPH)
|
| Bottom of the 6th over - 1 run, 1 hit, 1 error, 1 left on base; Springfield 4 - San Jose 3 |
| TOP OF THE 7TH |
|
Springfield Cardinals batting - Pitching for San Jose Giants : RHP Dan Post
|
|
Batting: RHB Josh Martin
|
0-0: Ball 1-0: Ball 2-0: Called Strike 2-1: Called Strike 2-2: Strikes out swinging
|
|
Batting: RHB Mark Cahill
|
0-0: Called Strike 0-1: Called Strike 0-2: Foul Ball, location: 2F 0-2: Strikes out swinging
|
|
Batting: LHB Ichiro Toyota
|
0-0: Foul Ball, location: 2F 0-1: Ground out 3-1 (Groundball, 34S, EV 65.0 MPH)
|
| Top of the 7th over - 0 runs, 0 hits, 0 errors, 0 left on base; Springfield 4 - San Jose 3 |
| BOTTOM OF THE 7TH |
|
San Jose Giants batting - Pitching for Springfield Cardinals : RHP Rafael Montano
|
|
Batting: RHB Devin Lowery
|
0-0: Ball 1-0: Foul Ball, location: 2F 1-1: Swinging Strike 1-2: Ball 2-2: Ball 3-2: Strikes out swinging
|
|
Pitching: RHP Kevon Jamison
|
|
|
Batting: RHB Drew Duncan
|
0-0: Foul Ball, location: 2F 0-1: Ball 1-1: Foul Ball, location: 2F 1-2: Ball 2-2: Strikes out looking
|
|
Batting: RHB Mike Jones
|
0-0: Called Strike 0-1: Ball 1-1: Ground out 6-3 (Groundball, 6S, EV 83.1 MPH)
|
| Bottom of the 7th over - 0 runs, 0 hits, 0 errors, 0 left on base; Springfield 4 - San Jose 3 |
| TOP OF THE 8TH |
|
Springfield Cardinals batting - Pitching for San Jose Giants : RHP Dan Post
|
|
Batting: RHB Melvin Enriquez
|
0-0: Called Strike 0-1: Ball 1-1: Foul Ball, location: 2F 1-2: Ball 2-2: Foul Ball, location: 2F 2-2: Ball 3-2: Strikes out swinging
|
|
Batting: RHB Jose Rivera
|
0-0: Ball 1-0: Foul Ball, location: 2F 1-1: Foul Ball, location: 2F 1-2: Foul Ball, location: 2F 1-2: Foul Ball, location: 2F 1-2: Ball 2-2: Ball 3-2: Fly out, F9 (Flyball, 9D, EV 86.2 MPH)
|
|
Batting: RHB Mark Marks
|
0-0: Called Strike 0-1: Ball 1-1: Foul Ball, location: 2F 1-2: Ball 2-2: Ball 3-2: Foul Ball, location: 2F 3-2: Strikes out swinging
|
| Top of the 8th over - 0 runs, 0 hits, 0 errors, 0 left on base; Springfield 4 - San Jose 3 |
| BOTTOM OF THE 8TH |
|
San Jose Giants batting - Pitching for Springfield Cardinals : RHP Kevon Jamison
|
|
Batting: LHB Tony Galvan
|
0-0: Called Strike 0-1: Ball 1-1: Fly out, F4 (Line Drive, 4, EV 68.8 MPH)
|
|
Batting: RHB Bill Defazio
|
0-0: Called Strike 0-1: Reached on error, E1 (Groundball, 15S, EV 68.1 MPH)
|
|
Pitching: LHP Carlos Salcido
|
|
|
Pinch Hitting: RHB Adam Solesbee
|
0-0: Swinging Strike 0-1: Swinging Strike 0-2: Foul Ball, location: 2F 0-2: Strikes out swinging
|
|
Batting: LHB Fred Arends
|
0-0: Called Strike 0-1: Ball Pickoff Throw to First - Out! 1-3 CS
|
| Bottom of the 8th over - 0 runs, 0 hits, 1 error, 0 left on base; Springfield 4 - San Jose 3 |
| TOP OF THE 9TH |
|
Springfield Cardinals batting - Pitching for San Jose Giants : RHP Dan Post
|
|
Pitching: RHP Lorenzo de Jesus
|
|
|
Now in LF: Adam Solesbee
|
|
|
Batting: RHB Immel Kamuzu
|
0-0: SINGLE (Groundball, 34D, EV 103.8 MPH)
|
|
Batting: SHB Bobby O'Leary
|
0-0: Called Strike Immel Kamuzu is caught stealing 2nd base 2-6 0-1: Swinging Strike 0-2: Ground out 6-3 (Groundball, 6, EV 85.6 MPH)
|
|
Batting: LHB Yeong-hun Joe
|
0-0: Ball 1-0: Called Strike 1-1: Foul Ball, location: 2F 1-2: Strikes out swinging
|
| Top of the 9th over - 0 runs, 1 hit, 0 errors, 0 left on base; Springfield 4 - San Jose 3 |
| BOTTOM OF THE 9TH |
|
San Jose Giants batting - Pitching for Springfield Cardinals : LHP Carlos Salcido
|
|
Pitching: RHP Ben Cook
|
|
|
Batting: LHB Fred Arends
|
0-0: Ball 1-0: Called Strike 1-1: Ball 2-1: Foul Ball, location: 2F 2-2: Strikes out swinging
|
|
Batting: RHB Yutaka Oki
|
0-0: Ball 1-0: Ground out 6-3 (Groundball, 56, EV 107.5 MPH)
|
|
Batting: SHB David Barona
|
0-0: Ball 1-0: Foul Ball, location: 2F 1-1: Foul Ball, location: 2F 1-2: Strikes out swinging
|
| Bottom of the 9th over - 0 runs, 0 hits, 0 errors, 0 left on base; Springfield 4 - San Jose 3 |
|